Map: Wieczne Imperium ER

Players

Zero - Winner!

  • Race: Terran Terran
  • League: Diamond
  • Spawn Location: 1:00

Legol

  • Race: Protoss Protoss
  • League: Platinum
  • Spawn Location: 7:00

VOD

Have the link to the VOD?

Description

Time

  • Played on: Jan. 9, 2020, 2:58 p.m.
  • Length: 11:09
Show
View Real Time Build Order
Export as new Build Order

Zero Terran - Winner!

Build Orders:  

Get SALT Encoding   

  12  0:00  SCV  
  13  0:13  SCV  
  14  0:17  Supply Depot  
  14  0:28  SCV  
  15  0:41  Barracks  
  15  0:44  Refinery  
  15  0:46  SCV  
  16  0:58  SCV  
  17  1:10  SCV  
  18  1:22  SCV  
  19  1:31  Reaper  
  20  1:34  SCV  
  21  1:46  Command Center  
  21  1:52  Supply Depot  
  21  2:16  Barracks  
  21  2:17  Bunker  
  21  2:26  Orbital Command  
  21  2:29  Barracks Reactor  
  21  2:40  Engineering Bay  
  20  3:04  Barracks Tech Lab  
  20  3:05  Marine x2  
  22  3:07  Orbital Command  
  22  3:19  Factory  
  22  3:22  Refinery  
  22  3:23  SCV  
  23  3:28  Marine x2  
  23  3:33  Stimpack  
  25  3:35  SCV  
  26  3:56  SCV x2  
  27  4:05  Marine x2  
  27  4:06  Marine  
  27  4:08  SCV  
  27  4:09  Starport  
  31  4:10  Factory Tech Lab  
  31  4:13  SCV  
  32  4:21  SCV  
  32  4:24  Marine x3  
  34  4:26  SCV  
  40  4:31  Siege Tank  
  40  4:33  SCV  
  41  4:39  SCV  
  41  4:41  Marine  
  41  4:43  Marine x2  
  41  4:45  SCV  
  46  4:52  Starport Reactor  
  46  4:56  Refinery  
  46  4:57  Refinery  
  46  5:00  SCV x2, Supply Depot  
  46  5:02  Supply Depot  
  46  5:03  Marine  
  46  5:04  Marine  
  49  5:12  SCV  
  50  5:18  SCV  
  50  5:19  Siege Tank  
  54  5:21  Marine  
  54  5:24  SCV  
  54  5:27  Combat Shield  
  56  5:30  SCV  
  56  5:34  Medivac  
  59  5:36  SCV  
  59  5:37  Marine x2  
  59  5:42  SCV  
  63  5:44  Engineering Bay  
  63  5:48  SCV  
  64  5:52  Supply Depot  
  64  5:54  SCV  
  64  5:55  Supply Depot  
  65  5:57  Medivac  
  65  5:59  Marine  
  68  6:04  Medivac  
  70  6:12  Terran Infantry Weapons Level 1  
  70  6:14  SCV x2  
  72  6:19  Marine x2  
  74  6:26  SCV  
  74  6:32  Siege Tank  
  78  6:33  Marine  
  79  6:40  Medivac  
  79  6:41  Medivac  
  79  6:42  Marine x2  
  85  6:51  Marine  
  86  6:59  Barracks  
  86  7:00  Command Center  
  85  7:01  Barracks  
  75  7:27  Marine x3  
  68  7:45  Marine x3  
  70  8:02  Marine x2  
  70  8:03  Marine  
  69  8:07  Liberator x2  
  69  8:13  Barracks Reactor  
  69  8:15  Barracks Tech Lab  
  69  8:19  Planetary Fortress  
  68  8:20  Marine x3  
  68  8:25  Siege Tank  
  68  8:26  SCV x2  
  82  8:38  SCV  
  82  8:39  SCV  
  84  8:51  SCV x2  
  80  9:03  SCV x2  
  80  9:08  Marine  
  80  9:09  Marine x5  
  88  9:14  Terran Infantry Armor Level 1  
  88  9:15  SCV  
  89  9:24  Liberator  
  89  9:26  Marine  
  89  9:27  Marine x5  
  89  9:30  Liberator  
  95  9:38  SCV x3  
  101  9:47  Marine x6  
  101  9:48  Siege Tank  
  101  9:49  Supply Depot x2  
  101  9:50  SCV x3  
  101  9:52  Armory  
  116  9:53  Refinery  
  116  10:02  SCV  
  117  10:09  Ghost Academy  
  117  10:10  SCV, Marine x6  
  124  10:28  Marine x2  
  114  10:45  Marine x4  
  114  10:46  Marauder x2  
Show
View Real Time Build Order
Export as new Build Order

Legol Protoss 

Build Orders:  

Get SALT Encoding   

  12  0:01  Probe  
  13  0:13  Probe  
  14  0:18  Pylon  
  14  0:25  Probe  
  15  0:37  Probe (Chrono Boost)  
  15  0:40  Gateway  
  16  0:49  Probe (Chrono Boost)  
  17  0:57  Probe (Chrono Boost)  
  17  1:01  Assimilator  
  18  1:07  Probe  
  19  1:18  Pylon  
  19  1:19  Probe  
  20  1:28  Cybernetics Core  
  20  1:31  Probe  
  21  1:43  Probe  
  22  1:51  Gateway  
  22  1:55  Pylon  
  22  2:05  Shield Battery  
  22  2:06  Stalker  
  24  2:13  Probe  
  24  2:14  Shield Battery  
  25  2:25  Probe  
  25  2:28  Assimilator  
  26  2:36  Warp Gate  
  26  2:38  Probe  
  26  2:39  Stalker  
  26  2:40  Stalker  
  31  3:14  Nexus  
  31  3:16  Probe  
  31  3:19  Pylon  
  32  3:25  Stalker  
  34  3:28  Probe  
  34  3:29  Stalker  
  37  3:40  Probe  
  38  4:04  Probe  
  39  4:12  Twilight Council  
  39  4:16  Probe  
  40  4:27  Gateway  
  40  4:28  Probe  
  40  4:30  Stalker x2  
  45  4:43  Probe (Chrono Boost)  
  46  4:46  Probe (Chrono Boost), Forge  
  48  4:53  Blink (Chrono Boost)  
  48  4:56  Probe (Chrono Boost)  
  48  4:57  Probe (Chrono Boost)  
  49  5:04  Probe  
  48  5:14  Protoss Ground Weapons Level 1 (Chrono Boost)  
  48  5:15  Probe  
  48  5:16  Probe  
  48  5:18  Assimilator  
  50  5:22  Pylon, Assimilator  
  50  5:27  Probe  
  51  5:29  Probe  
  51  5:32  Photon Cannon  
  51  5:33  Robotics Facility  
  52  5:39  Probe  
  52  5:41  Probe  
  54  5:48  Gateway  
  54  5:51  Probe, Gateway  
  54  5:53  Probe  
  54  5:54  Pylon  
  54  5:55  Sentry x3  
  62  6:20  Nexus  
  62  6:21  Observer (Chrono Boost)  
  63  6:29  Robotics Bay  
  63  6:33  Stalker x3  
  63  6:38  Warp Prism  
  69  7:03  Stalker x4  
  77  7:11  Shield Battery  
  77  7:13  Shield Battery  
  59  7:30  Stalker x4  
  55  7:37  Immortal  
  55  7:53  Stalker x3  
  55  7:54  Stalker x2  
  58  8:14  Pylon  
  58  8:16  Probe x3  
  58  8:17  Pylon  
  58  8:18  Zealot x2  
  58  8:19  Zealot x2  
  69  8:28  Probe  
  71  8:34  Probe x2  
  71  8:39  Pylon  
  71  8:40  Probe  
  67  8:43  Zealot x3  
  67  8:46  Probe x2  
  73  8:52  Zealot x2  
  77  8:58  Extended Thermal Lance  
  77  9:02  Colossus (Chrono Boost)  
  81  9:11  Probe  
  81  9:12  Probe  
  81  9:13  Probe  
  82  9:20  Assimilator  
  82  9:23  Assimilator, Sentry x3  
  86  9:42  Dark Shrine  
  86  9:45  Stalker  
  88  9:49  Gateway x2  
  88  9:50  Colossus (Chrono Boost)  
  88  9:53  Pylon  
  94  10:08  Zealot x3  
  94  10:09  Zealot x2  
  104  10:22  Shield Battery  
  104  10:25  Shield Battery  
  76  10:40  Zealot  
  76  10:41  Zealot x4  
  50  10:56  Zealot x2  
Tags
 
Add a new tag
Caveats
  • Supply blocks, unpowered buildings, or Contaminate may cause inaccurate times.
  • Supply counts are checked every 10 seconds.